 Dungeon Crawl Stone Soup version 0.29-a0-887-gcbe080d7e0 (webtiles) character file.

Game seed: 3038020198404295729

905 Aurophilus the Thaumaturge (level 7, 0/36 HPs)
             Began as a Deep Elf Summoner on July 22, 2022.
             Was an Elder of Nemelex Xobeh.
             Succumbed to a scorpion's poison
             ... on level 6 of the Dungeon.
             The game lasted 00:36:31 (6207 turns).

Aurophilus the Thaumaturge (Deep Elf Summoner)      Turns: 6207, Time: 00:36:32

Health: 0/36       AC:  4    Str:  5    XL:     7   Next: 80%
Magic:  14/20      EV: 13    Int: 22    God:    Nemelex Xobeh [****..]
Gold:   302        SH:  0    Dex: 21    Spells: 9/22 levels left

rFire   . . .      SeeInvis .   (no weapon)
rCold   . . .      Faith    .   (no shield)
rNeg    . . .      Spirit   .   a - +1 robe
rPois   .          Reflect  .   r - +0 helmet
rElec   .          Harm     .   (no cloak)
rCorr   .          Rampage  .   (no gloves)
Will    .....                   (no boots)
Stlth   +++.......              (no amulet)
HPRegen 0.12/turn               g - +6 ring of dexterity
MPRegen 0.17/turn               (no ring)

@: lethally poisoned (0 -> -18)
A: no striking features
a: Renounce Religion, Draw Escape, Draw Destruction, Draw Summoning, Triple
Draw, Deal Four


You were on level 6 of the Dungeon.
You worshipped Nemelex Xobeh.
Nemelex Xobeh was greatly pleased with you.
You visited 2 branches of the dungeon, and saw 7 of its levels.

You collected 302 gold pieces.

Inventory:

Hand Weapons
 m - a +3 vampiric short sword
Armour
 a - a +1 robe (worn)
 r - a +0 helmet (worn)
Jewellery
 g - a +6 ring of dexterity (left hand)
Wands
 j - a wand of flame (39)
Scrolls
 d - a scroll of magic mapping
 f - 3 scrolls of fear
 n - a scroll of noise
 o - a scroll of identify
 q - 3 scrolls of teleportation
Potions
 b - 2 potions of magic
 c - a potion of ambrosia
 e - a potion of attraction
 h - a potion of haste
 i - a potion of lignification
 k - a potion of heal wounds
 l - a potion of might {unknown}
 p - 3 potions of curing
 t - a potion of degeneration {unknown}


   Skills:
 + Level 2.6 Dodging
 + Level 2.6 Stealth
 * Level 8.4 Spellcasting
 * Level 3.3 Hexes
 * Level 7.6 Summonings
 * Level 1.1 Air Magic


You had 9 spell levels left.
You knew the following spells:

 Your Spells              Type           Power      Damage    Failure   Level
a - Summon Small Mammal   Summ           100%       N/A       1%          1
b - Call Imp              Summ           42%        N/A       1%          2
c - Call Canine Familiar  Summ           42%        N/A       1%          3
d - Summon Guardian Gole  Hex/Summ       33%        N/A       2%          3
e - Summon Lightning Spi  Summ/Air       28%        N/A       12%         4

Your spell library contained the following spells:

 Spells                   Type           Power      Damage    Failure   Level
 Tukima's Dance           Hex            23%        N/A       5%          3
 Foxfire                  Conj/Fire      36%        2x1d5     7%          1
 Dazzling Flash           Conj/Hex       32%        N/A       11%         3
 Inner Flame              Hex/Fire       16%        N/A       11%         3
 Portal Projectile        Hex/Tloc       32%        N/A       11%         3
 Mephitic Cloud           Conj/Pois/Air  10%        N/A       19%         3
 Conjure Flame            Conj/Fire      9%         6-21      22%         3
 Ignite Poison            Fire/Tmut/Pois 9%         N/A       22%         3
 Flame Wave               Conj/Fire      9%         2d5       56%         4
 Silence                  Hex/Air        9%         N/A       61%         5
 Freezing Cloud           Conj/Ice/Air   5%         6-21      86%         5
 Agony                    Necr           9%         N/A       89%         5
 Blade Hands              Tmut           4%         N/A       89%         5


Dungeon Overview and Level Annotations

Branches:
Dungeon (6/15)             Temple (1/1) D:5

Altars:
Cheibriados
Dithmenos
Elyvilon
Gozag
Hepliaklqana
Kikubaaqudgha
Makhleb
Nemelex Xobeh
Ru
Sif Muna
Trog
Vehumet
Wu Jian
Xom
Yredelemnul
Zin
The Shining One


Message History

You feel sick. The scorpion stings you.
You feel sick.
You feel sick. The scorpion closely misses you.
The scorpion attacks as you move away! The scorpion stings you.
You are lethally poisoned!
The scorpion poisons you!
* * * LOW HITPOINT WARNING * * *
You feel very sick.
* * * LOW HITPOINT WARNING * * *
You feel very sick. The scorpion stings you.
* * * LOW HITPOINT WARNING * * *
You are more poisoned.
The scorpion poisons you!
Your iron imp closely misses the scorpion.
You feel much better.
You feel very sick. The scorpion misses you. The scorpion closely misses you.
You feel very sick.
Your iron imp barely misses the scorpion.
The scorpion barely misses you.
You feel very sick.
Your wolf bites the scorpion!
The scorpion barely misses you.
Your iron imp barely misses the scorpion.
You feel very sick.
Your wolf bites the scorpion but does no damage.
The scorpion misses you.
Your iron imp barely misses the scorpion.
Your wolf barely misses the scorpion.
You swap places.
You feel sick. The scorpion stings you.
* * * LOW HITPOINT WARNING * * *
You are lethally poisoned!
The scorpion poisons you!
Your wolf misses the scorpion.
Your iron imp hits the scorpion!
The scorpion dies!
You swap places.
* * * LOW HITPOINT WARNING * * *
You feel very sick.
You die...
Your body glows slightly and disappears.

#####.....##..##.####.#.
#..<).###......#.# #.#.
#.#.#.###.###..#.# #.#.
###.#...#...###..#.####.#.
..............>......#......#.
#######.#####†5###...#########
#.....h9r# #..#...
######...####....# #.@.....#
#..####.# #..# .# #... .# #+##
.. ##


You could see a friendly guardian golem (summoned), a friendly wolf (summoned,
sheltered), a friendly iron imp (summoned, sheltered) and a friendly quokka
(summoned, sheltered).

Vanquished Creatures (collateral kills)
  Sigmund (D:3)
  An ice beast (D:3)
  An ogre (D:4)
  2 phantoms
  2 scorpions
  A wight (D:6)
  2 hounds
  Natasha (twice) (D:3)
  Robin (D:3)
  4 adders
  A worm (D:3)
  2 dart slugs (D:2)
  5 orcs
  2 ball pythons
  5 bats
  5 endoplasms
  A giant cockroach (D:2)
  13 goblins
  7 hobgoblins
  9 jackals
  3 kobolds
  A quokka (D:3)
  2 frilled lizards (D:3)
  4 rats
77 creatures vanquished.

Vanquished Creatures (others)
  11 plants (D:1)
  3 toadstools (D:5)
14 creatures vanquished.

Grand Total: 91 creatures vanquished

Notes
Turn   | Place    | Note
-------+----------+-------------------------------------------
     0 | D:1      | Aurophilus the Deep Elf Summoner began the quest for the
                  | Orb.
     0 | D:1      | Reached XP level 1. HP: 10/10 MP: 6/6
    29 | D:1      | Found a faded altar of an unknown god.
    45 | D:1      | Prayed at the altar of an unknown god.
    45 | D:1      | Became a worshipper of Nemelex Xobeh the Trickster
    45 | D:1      | Reached * piety under Nemelex Xobeh
    97 | D:1      | Reached XP level 2. HP: 15/15 MP: 6/8
   100 | D:1      | Learned a level 2 spell: Call Imp
   213 | D:1      | Received a gift from Nemelex Xobeh
   214 | D:1      | Identified the -1 quarterstaff "Aniuc" {spect, MP+9}
   265 | D:1      | Reached skill level 5 in Summonings
  1435 | D:2      | Reached XP level 3. HP: 19/19 MP: 5/10
  1441 | D:2      | Learned a level 3 spell: Call Canine Familiar
  1445 | D:2      | Learned a level 3 spell: Summon Guardian Golem
  1712 | D:2      | Reached ** piety under Nemelex Xobeh
  1780 | D:2      | Reached skill level 4 in Spellcasting
  1834 | D:2      | Received a gift from Nemelex Xobeh
  2432 | D:3      | Noticed Robin
  2451 | D:3      | Reached XP level 4. HP: 10/24 MP: 0/12
  2653 | D:3      | Noticed Sigmund
  2684 | D:3      | Reached skill level 1 in Hexes
  2786 | D:3      | Killed Sigmund
  2787 | D:3      | Reached skill level 5 in Spellcasting
  2787 | D:3      | Reached XP level 5. HP: 7/28 MP: 4/15
  2792 | D:3      | Learned a level 4 spell: Summon Lightning Spire
  3065 | D:3      | Noticed an ice beast
  3076 | D:3      | Reached XP level 6. HP: 32/32 MP: 4/16
  3093 | D:3      | Killed an ice beast
  3094 | D:3      | Reached skill level 6 in Spellcasting
  3310 | D:3      | Killed Robin
  3375 | D:3      | Noticed Natasha
  3382 | D:3      | Killed Natasha
  3509 | D:3      | Noticed Natasha
  3521 | D:3      | Killed Natasha
  3687 | D:4      | Reached skill level 7 in Spellcasting
  3687 | D:4      | Reached XP level 7. HP: 35/36 MP: 8/19
  4099 | D:4      | Received a gift from Nemelex Xobeh
  4213 | D:4      | Reached *** piety under Nemelex Xobeh
  4228 | D:4      | Found a burning altar of Makhleb.
  4600 | D:5      | Entered Level 5 of the Dungeon
  4628 | D:5      | Received a gift from Nemelex Xobeh
  4841 | D:5      | Reached skill level 8 in Spellcasting
  5060 | D:5      | Found a staircase to the Ecumenical Temple.
  5089 | Temple   | Entered the Ecumenical Temple
  5541 | D:5      | Reached **** piety under Nemelex Xobeh
  6141 | D:6      | Reached skill level 1 in Air Magic
  6207 | D:6      | Succumbed to a scorpion's poison

Illustrated notes

Levels and vault maps discovered:
D:1:      roderic_crop_circles_arrival_small, layout_loops_ring,
          ebering_ecumenical_altar_rust
D:2:      layout_loops_cross
D:3:      layout_basic, uniq_robin, uniq_natasha, uniq_sigmund
D:4:      layout_gridville, mainiacjoe_overflow_cross_hatched
D:5:      nicolae_cairo_tiling_large, layout_basic, minmay_temple_entry_arrows,
          serial_curves, eino_curves_01, eino_curves_01,
          minmay_gold_behind_fungi
D:6:      layout_basic, chequers_temple_overflow_statue_of_worship
Temple:   nicolae_temple_bog_church

Skill      XL: |  1  2  3  4  5  6  7 |
---------------+----------------------+-----
Summonings     | 5 6 7 |  7.6
Spellcasting   | 4 5 7 8 |  8.4
Hexes          | 2 3 |  3.3
Air Magic      | 1 |  1.1
Dodging        | |  2.6
Stealth        | |  2.6

Action                   |  1- 3 |  4- 6 |  7- 9 || total
-------------------------+-------+-------+-------++-------
 Cast: Summon Small Mamm |    48 |    20 |    18 ||    86
       Call Imp          |    15 |     8 |     8 ||    31
       Call Canine Famil |     8 |     7 |     6 ||    21
       Summon Guardian G |     2 |     9 |    11 ||    22
Invok: Draw Summoning    |     1 |       |       ||     1
       Draw Destruction  |       |     1 |       ||     1
  Use: Scroll            |     7 |     3 |     8 ||    18
       Potion            |       |       |     1 ||     1
Armor: Robe              |    12 |     3 |     1 ||    16
Dodge: Dodged            |    28 |    20 |     9 ||    57

Table legend: (Time is in decaauts)
 A = Elapsed time spent in this place.
 B = Non-inter-level travel time spent in this place.
 C = Inter-level travel time spent in this place.
 D = Time resting spent in this place.
 E = Time spent auto-exploring this place.
 F = Levels seen in this place.
 G = Mean time per level.
                   A        B        C        D        E       F      G
               +--------+--------+--------+--------+--------+-----+--------+
         Total |   6218 |   5867 |    351 |    791 |   3966 |   7 |  888.3 |
       Dungeon |   5891 |   5702 |    189 |    791 |   3815 |   6 |  981.8 |
        Temple |    326 |    164 |    162 |      0 |    151 |   1 |  326.0 |
               +--------+--------+--------+--------+--------+-----+--------+

Top non-repeatable levels by time:
     D:3: 1383 daAuts
     D:2: 1193 daAuts
     D:5: 1111 daAuts
     D:1: 1100 daAuts
     D:4: 921 daAuts
  Temple: 326 daAuts
     D:6: 180 daAuts
